 Dungeon Crawl Stone Soup version 0.19-a0-1111-gcceb26a (webtiles) character file.

55 aronpayne the Charmwright (level 3, -5/25 HPs)
             Began as a High Elf Skald on Aug 11, 2016.
             Slain by a gnoll
             ... wielding a +0 halberd
              (9 damage)
             ... on level 2 of the Dungeon.
             The game lasted 00:06:43 (1395 turns).

aronpayne the Charmwright (High Elf Skald)          Turns: 1395, Time: 00:06:44

Health: -5/25      AC:  8    Str: 12    XL:     3   Next: 67%
Magic:  8/8        EV:  5    Int: 15    God:
Gold:   55         SH:  0    Dex: 15    Spells: 3 memorised, 1 level left

rFire  . . .     SeeInvis .     f - +0 short sword (speed)
rCold  . . .     Gourm    .     e - +0 chain mail
rNeg   . . .     Faith    .     (no shield)
rPois  .         Spirit   .     (no helmet)
rElec  .         Dismiss  .     (no cloak)
rCorr  .         Reflect  .     (no gloves)
SustAt .         Harm     .     (no boots)
MR     .....                    (no amulet)
Stlth  ..........               (no ring)
                                h - ring of flight

@:
A: no striking features
a: Evoke Flight


You were on level 2 of the Dungeon.
You were not hungry.

You visited 1 branch of the dungeon, and saw 2 of its levels.

You collected 55 gold pieces.

Inventory:

Hand Weapons
 a - a +0 falchion
 f - a +0 short sword of speed (weapon)
Armour
 e - a +0 chain mail (worn)
Jewellery
 h - a ring of flight (left hand)
Scrolls
 i - a scroll of remove curse {unknown}
 k - 2 scrolls of identify
Potions
 j - a potion of resistance {unknown}
Books
 c - a book of Battle

   Spells                             Type                      Level
   a - Infusion                       Charms                       1
   b - Shroud of Golubria             Charms/Translocation         2
   c - Song of Slaying                Charms                       2
   d - Spectral Weapon                Hexes/Charms                 3
   e - Regeneration                   Charms/Necromancy            3
Comestibles
 b - 7 chunks of flesh
 d - a bread ration
 g - a meat ration
 l - a beef jerky


   Skills:
 + Level 2.5 Fighting
 + Level 0.5(1.9) Short Blades
 + Level 2.8(2.9) Long Blades
 + Level 1.4 Armour
 + Level 1.3 Dodging
 + Level 2.8 Spellcasting
 + Level 4.2 Charms


You had one spell level left.
You knew the following spells:

 Your Spells              Type           Power        Failure   Level  Hunger
a - Infusion              Chrm           ##..         99%         1    #......
b - Regeneration          Chrm/Necr      #.........   100%        3    ###....
c - Song of Slaying       Chrm           ##......     100%        2    ##.....


Dungeon Overview and Level Annotations

Branches:
Dungeon (2/15)

Altars:


Message History

You kill the gnoll!
The gnoll hits you but does no damage.
You see here a whip.
You hit the gnoll.
The gnoll is moderately wounded.
The gnoll hits you with a halberd!
You hit the gnoll.
The gnoll is heavily wounded.
You hit the gnoll.
The gnoll is severely wounded.
The gnoll hits you but does no damage.
You hit the gnoll but do no damage.
The gnoll is severely wounded.
You hit the gnoll.
The gnoll is almost dead.
The gnoll hits you with a halberd!
* * * LOW HITPOINT WARNING * * *
The gnoll hits you but does no damage.
The gnoll hits you from afar with a halberd!
You die...

......# ##.............
......########....#.#....###
......##.....[....#.#.#..#
....####............#..#.#
....####...........###.#.#
......###..##.####.# .#.##
........#..##.##...# ....####..
...##.....##..##.#######g...g...
..#..........###@##...##.#
.....###.>........g...##)###
...####.........###g.......#
...# #..........###...##.#.....#
...# #..((..).........##...###..
.### #.........####...[......
.## #.....(...# #...##..#### ..#
#.........# #...#...# ..#
##....(..## #...#...#


You could see 2 gnolls.

Vanquished Creatures
  A gnoll (D:2)
  2 oozes
  A dart slug (D:2)
  A bat (D:1)
  3 giant cockroaches (D:1)
  5 goblins
  7 hobgoblins
  2 jackals (D:1)
  2 kobolds
  5 giant newts
  4 rats
33 creatures vanquished.

Notes
Turn   | Place    | Note
-------+----------+-------------------------------------------
     0 | D:1      | aronpayne the High Elf Skald began the quest for the Orb.
     0 | D:1      | Reached XP level 1. HP: 14/14 MP: 4/4
    93 | D:1      | Reached skill level 1 in Armour
   435 | D:1      | Reached XP level 2. HP: 14/19 MP: 6/6
   960 | D:1      | Reached skill level 4 in Charms
   960 | D:1      | Reached XP level 3. HP: 24/24 MP: 8/8
  1124 | D:1      | Learned a level 3 spell: Regeneration
  1127 | D:1      | Learned a level 2 spell: Song of Slaying
  1395 | D:2      | Slain by a gnoll

Vault maps used:
D:1:      sevenhm_arrival_forest_fort_small_4

Skill      XL: |  1  2 |
---------------+-------+-----
Armour         | 1 |  1.4
Charms         | 4 |  4.2
Fighting       | |  2.5
Short Blades   | |  0.5
Long Blades    | |  2.8
Dodging        | |  1.3
Spellcasting   | |  2.8

Action                   || total
-------------------------++-------
Melee: Falchion          ||    61
       Short sword       ||    73
  Use: Scroll            ||     1
  Eat: Chunk             ||     2
Armor: Leather armour    ||     6
       Chain mail        ||    60
Dodge: Dodged            ||    24
